[Event "Titled Tuesday Blitz September 13 Late 2022"]
[White "Salem, A.R. Saleh"]
[Black "Aldokhin, Ivan"]
[WhiteFideId "9301348"]
[BlackFideId "24115720"]
[WhiteElo "2628"]
[BlackElo "2243"]
[Result "1-0"]
[Round "04"]
[TimeControl "180+1"]
[Date "2022.09.13"]
[WhiteClock "0:00:10"]
[BlackClock "0:00:03"]

1. d4 Nf6 2. c4 g6 3. Nc3 Bg7 4. e4 d6 5. h3 O-O 6. Be3 Nc6 7. d5 Nb4 8. a3 Na6 9. Bd3 Re8 10. Nge2 e6 11. b4 exd5 12. cxd5 Nb8 13. O-O Nbd7 14. Nd4 Ne5 15. Be2 a6 16. Rc1 Ned7 17. Bd3 Ne5 18. Be2 Ned7 19. Qc2 Nb6 20. a4 Nxe4 21. Nxe4 Nxd5 22. Qb3 Nxe3 23. fxe3 d5 24. Bd3 c6 25. Bb1 Qe7 26. Nd2 Qxe3+ 27. Qxe3 Rxe3 28. N2b3 Bd7 29. Rfd1 Rae8 30. Nc5 Bc8 31. a5 Bxd4 32. Rxd4 Re1+ 33. Rxe1 Rxe1+ 34. Kf2 Rxb1 35. Na4 Rb3 36. Nc5 Rb2+ 37. Kf3 Kg7 38. Na4 Rb3+ 39. Kf2 Kf6 40. Rf4+ Ke7 41. Nc5 Rb2+ 42. Kf3 f5 43. Rd4 Kf6 44. Na4 Rb3+ 45. Kf2 Ke5 46. Rh4 g5 47. Rxh7 Rxb4 48. Nb6 Rb2+ 49. Kg1 Be6 50. Rxb7 d4 51. Nd7+ Bxd7 52. Rxb2 d3 53. Kf2 Kd4 54. Rb6 c5 55. Rd6+ Kc3 56. Rxd7 c4 57. g3 Kc2 58. h4 gxh4 59. gxh4 c3 60. h5 d2 61. Ke2 f4 62. h6 Kc1 63. h7 f3+ 64. Kxf3 c2 65. h8=Q d1=Q+ 66. Ke3 Qe1+ 67. Kd3 Qd1+ 68. Ke3 Qe1+ 69. Kd3 Qd1+ 70. Kc3 Qxd7 71. Qh6+ Kb1 72. Qb6+ Kc1 73. Qb2+ Kd1 74. Qxc2+ Ke1 75. Qe4+ Kf2 76. Qf4+ Ke2 77. Qc4+ Kf3 78. Qxa6 Ke4 79. Qb6 Kd5 80. Kb4 Qd6+ 81. Kb5 Qd7+ 82. Ka6 Qc8+ 83. Qb7+ Qxb7+ 84. Kxb7 Kc5 85. a6 Kb5 86. a7 1-0


[Site "https://www.chess.com"]

[Event "Titled Tuesday Blitz September 13 Late 2022"]
[White "Sarana, Alexey"]
[Black "Yurovskykh, Oleksandr"]
[WhiteFideId "24133795"]
[BlackFideId "14134020"]
[WhiteElo "2689"]
[BlackElo "2303"]
[Result "1-0"]
[Round "04"]
[TimeControl "180+1"]
[Date "2022.09.13"]
[WhiteClock "0:02:00"]
[BlackClock "0:00:38"]

1. c4 e6 2. Nc3 d5 3. d4 Nf6 4. Nf3 c5 5. cxd5 Nxd5 6. g3 Nxc3 7. bxc3 cxd4 8. cxd4 Bb4+ 9. Bd2 Bxd2+ 10. Qxd2 b6 11. Bg2 Bb7 12. O-O O-O 13. Rfd1 Nd7 14. a4 h6 15. a5 bxa5 16. Rxa5 a6 17. Rda1 Qc7 18. e3 Rfc8 19. Qd3 Qc2 20. Qxc2 Rxc2 21. Ne1 Rb2 22. Bxb7 Rxb7 23. Rxa6 Rxa6 24. Rxa6 Rb1 25. Kf1 Nf6 26. Ra2 Nd5 27. Rc2 g5 28. h3 Kg7 29. Ke2 Nf6 30. Nd3 Rh1 31. Kf3 Rxh3 32. Kg2 Rh5 33. Ne5 g4 34. Rc7 Rf5 35. Rxf7+ Kg8 36. Re7 h5 37. Rxe6 Ne4 38. Nxg4 hxg4 39. Rxe4 Rg5 40. Rf4 Kg7 41. e4 Kg6 42. e5 Kh5 43. Kf1 Rg8 44. Ke2 Kg5 45. Ke3 Ra8 46. Ke4 Ra1 47. e6 Re1+ 1-0


[Site "https://www.chess.com"]

[Event "Titled Tuesday Blitz September 13 Late 2022"]
[White "Shirov, Alexei"]
[Black "Besedes, Danilo"]
[WhiteFideId "2209390"]
[BlackFideId "946796"]
[WhiteElo "2678"]
[BlackElo "2352"]
[Result "0-1"]
[Round "04"]
[TimeControl "180+1"]
[Date "2022.09.13"]
[WhiteClock "0:00:40"]
[BlackClock "0:00:59"]

1. e4 c6 2. d4 d5 3. e5 Bf5 4. h4 h5 5. Bd3 Bxd3 6. Qxd3 e6 7. Nf3 Ne7 8. Bg5 Qa5+ 9. Nbd2 Nf5 10. O-O Qa6 11. c4 Bb4 12. Rfc1 Nd7 13. b3 O-O 14. Nf1 Rac8 15. Ne3 Nxe3 16. Qxe3 Ba3 17. Rc2 c5 18. Bf6 Nxf6 19. exf6 gxf6 20. Qh6 cxd4 21. Qxf6 e5 22. Qxe5 Qg6 23. Nxd4 dxc4 24. Rc3 Rfe8 25. Qb5 Bb2 26. Rac1 Bxc1 27. Rxc1 cxb3 28. Rxc8 Rxc8 29. Qxb3 Rc1+ 30. Kh2 Qd6+ 0-1


[Site "https://www.chess.com"]

[Event "Titled Tuesday Blitz September 13 Late 2022"]
[White "Sjugirov, Sanan"]
[Black "Ghasi, Ameet K"]
[WhiteFideId "4189302"]
[BlackFideId "409200"]
[WhiteElo "2609"]
[BlackElo "2587"]
[Result "1-0"]
[Round "04"]
[TimeControl "180+1"]
[Date "2022.09.13"]
[WhiteClock "0:01:24"]
[BlackClock "0:00:35"]

1. e4 c5 2. Nf3 e6 3. c3 Nf6 4. e5 Nd5 5. d4 cxd4 6. cxd4 Nc6 7. Nc3 d6 8. exd6 Bxd6 9. Bd3 O-O 10. O-O Nce7 11. Re1 b6 12. Ne4 f6 13. a3 Bc7 14. Bd2 Bb7 15. Qe2 Qd7 16. Ng3 Bc8 17. Rac1 a6 18. Qe4 g6 19. Qe2 Bd6 20. Ne4 Nf5 21. Nxd6 Qxd6 22. g4 Nfe7 23. Bh6 Re8 24. Nd2 f5 25. Nc4 Qd8 26. Qe5 1-0


[Site "https://www.chess.com"]

[Event "Titled Tuesday Blitz September 13 Late 2022"]
[White "Timmermans, Mark"]
[Black "Souleidis, Georgios"]
[WhiteFideId "1026399"]
[BlackFideId "4206827"]
[WhiteElo "2460"]
[BlackElo "2401"]
[Result "1-0"]
[Round "04"]
[TimeControl "180+1"]
[Date "2022.09.13"]
[WhiteClock "0:00:26"]
[BlackClock "0:00:09"]

1. Nf3 Nf6 2. c4 g6 3. Nc3 Bg7 4. b3 O-O 5. Bb2 d6 6. e3 e5 7. Be2 Re8 8. O-O e4 9. Nd4 Nbd7 10. f4 a5 11. Qc2 Nc5 12. a3 Bg4 13. b4 Bxe2 14. Ncxe2 Nd3 15. Bc3 axb4 16. axb4 Qd7 17. b5 c5 18. bxc6 bxc6 19. Ng3 d5 20. cxd5 cxd5 21. Rxa8 Rxa8 22. Rb1 Rc8 23. Qb3 h5 24. h3 Ne8 25. Qb5 Qd8 26. Nc6 Qd7 27. Nd4 Qd8 28. Nge2 Nd6 29. Qxd5 Qe7 30. Nc6 Qd7 31. Ne5 Qe7 32. Nxd3 exd3 33. Qxd3 Ne4 34. Bxg7 Kxg7 35. Qd4+ Kg8 36. d3 Nd6 37. e4 Rd8 38. Qb4 Qa7+ 39. Qb6 Qa8 40. Nd4 Rd7 41. Qb8+ Qxb8 42. Rxb8+ Kg7 43. Nc6 Rc7 44. Ne5 f6 45. Nf3 Nf7 46. d4 g5 47. fxg5 fxg5 48. Rb5 g4 49. hxg4 hxg4 50. Ng5 Kf6 51. Rf5+ Kg6 52. Nxf7 1-0


[Site "https://www.chess.com"]

[Event "Titled Tuesday Blitz September 13 Late 2022"]
[White "Turski, Bartlomiej"]
[Black "Ter-Sahakyan, Samvel"]
[WhiteFideId "21810567"]
[BlackFideId "13302531"]
[WhiteElo "2001"]
[BlackElo "2604"]
[Result "0-1"]
[Round "04"]
[TimeControl "180+1"]
[Date "2022.09.13"]
[WhiteClock "0:00:38"]
[BlackClock "0:01:07"]

1. e4 c6 2. d4 d5 3. Nc3 dxe4 4. Nxe4 Nf6 5. Nxf6+ exf6 6. c3 Bd6 7. Bd3 Na6 8. Qc2 Nc7 9. c4 Bb4+ 10. Bd2 Bxd2+ 11. Qxd2 Qxd4 12. Nf3 Qc5 13. O-O O-O 14. b4 Qh5 15. Qc2 Bg4 16. Nd4 Rad8 17. Nb3 Ne6 18. h3 Bxh3 19. gxh3 Nf4 20. Bf5 Qg5+ 21. Bg4 Nxh3+ 22. Kh2 Qxg4 23. f3 Qh5 24. Kg3 Ng5 25. Qf5 g6 26. Qg4 Qxg4+ 27. Kxg4 Ne6 28. Na5 Rd7 29. Rad1 Rfd8 30. Rxd7 Rxd7 0-1


[Site "https://www.chess.com"]

[Event "Titled Tuesday Blitz September 13 Late 2022"]
[White "Wan, Joseph"]
[Black "Danielyan, Vahe"]
[WhiteFideId "2069890"]
[BlackFideId "13304828"]
[WhiteElo "2198"]
[BlackElo "2421"]
[Result "1/2-1/2"]
[Round "04"]
[TimeControl "180+1"]
[Date "2022.09.13"]
[WhiteClock "0:00:07"]
[BlackClock "0:00:12"]

1. d4 d5 2. Bf4 c5 3. e4 cxd4 4. Qxd4 Nc6 5. Qxd5 Qb6 6. Qb5 Nf6 7. Nc3 e6 8. Qxb6 axb6 9. Nb5 Ra4 10. f3 Bc5 11. Nc3 Ra5 12. a3 Ke7 13. O-O-O Bd7 14. Bc4 Rc8 15. Nge2 h6 16. Kb1 Nh5 17. Bc1 g5 18. b4 Nxb4 19. axb4 Bxb4 20. Bb3 Bxc3 21. Nxc3 Rxc3 22. Bd2 Rcc5 23. Bxa5 bxa5 24. Rd2 Nf4 25. g3 Ng6 26. Rhd1 Bc6 27. Kb2 Ne5 28. f4 Nf3 29. Re2 g4 30. e5 b5 31. Rd6 h5 32. c3 h4 33. Bc2 h3 34. Bd1 a4 35. Bc2 Bd5 36. Ra6 Bc4 37. Rf2 Rc7 38. Ra8 Ne1 39. Be4 Bd5 40. Re2 Bxa8 41. Rxe1 Bxe4 42. Rxe4 Rc5 43. Rd4 f6 44. exf6+ Kxf6 45. Rb4 Kf5 46. Kc2 e5 47. fxe5 Rxe5 48. Kd3 Rd5+ 49. Ke3 Rc5 50. Kd3 Kg5 51. Kd2 Rf5 52. Ke2 Re5+ 53. Kd3 Rd5+ 54. Ke2 Rf5 55. c4 bxc4 56. Rxa4 Rb5 57. Rxc4 Rb2+ 58. Ke3 Rxh2 59. Rc5+ Kg6 60. Kf4 Ra2 61. Rc6+ Kh5 62. Rc5+ Kh6 63. Rc6+ Kg7 64. Kxg4 h2 65. Rc1 Rg2 66. Rh1 Kg6 67. Kh3 Ra2 68. Rxh2 Rxh2+ 69. Kxh2 Kh5 70. Kg2 Kg5 71. Kf3 Kf5 72. g4+ 1/2-1/2


[Site "https://www.chess.com"]

[Event "Titled Tuesday Blitz September 13 Late 2022"]
[White "Winterberg, Lukas"]
[Black "Korchmar, Vasiliy"]
[WhiteFideId "24622702"]
[BlackFideId "24131750"]
[WhiteElo "2349"]
[BlackElo "2370"]
[Result "0-1"]
[Round "04"]
[TimeControl "180+1"]
[Date "2022.09.13"]
[WhiteClock "0:00:01"]
[BlackClock "0:00:05"]

1. Nf3 d5 2. e3 Nf6 3. c4 c6 4. Nc3 e6 5. d4 Nbd7 6. Qc2 Bd6 7. Bd3 dxc4 8. Bxc4 O-O 9. O-O e5 10. Bb3 h6 11. h3 Re8 12. Nh4 exd4 13. exd4 Nb6 14. Bxh6 Be6 15. Bxe6 Rxe6 16. Bg5 Bf8 17. Rad1 Nbd5 18. Nf5 Qa5 19. Rfe1 Rae8 20. Rxe6 Rxe6 21. Bd2 Nxc3 22. bxc3 Ne4 23. Ne3 Qh5 24. Re1 f5 25. Qb3 Qf7 26. Bc1 Bd6 27. Nc4 Bc7 28. f3 Nc5 29. Qd1 Rxe1+ 30. Qxe1 Qxc4 31. dxc5 Qxc5+ 32. Kh1 Kf7 33. Be3 Qe5 34. f4 Qe4 35. Qd2 Qd5 36. Qe2 Qe4 37. Qd2 Qd5 38. Qc2 b6 39. Kg1 Qe4 40. Qd2 Qd5 41. Qe2 g6 42. Kf2 Qe4 43. Qd2 Qd5 44. Qxd5+ cxd5 45. Kf3 Ke6 46. Bd4 Bd8 47. g4 Be7 48. a4 Bd6 49. Ke3 Bc5 50. Kf3 Bd6 51. gxf5+ Kxf5 52. Be3 Be7 53. Bd2 Bf6 54. Be1 a6 55. Bd2 b5 56. axb5 axb5 57. Be1 Bg7 58. Bd2 Bh6 59. Be3 Bg7 60. Bd2 d4 61. cxd4 Bxd4 62. Ke2 Ke4 63. Bc1 Bc3 64. Kd1 Kd3 65. h4 b4 0-1


[Site "https://www.chess.com"]

[Event "Titled Tuesday Blitz September 13 Late 2022"]
[White "Yedidia, Daniel"]
[Black "Mikhailov, Viacheslav"]
[WhiteFideId "30905907"]
[BlackFideId "4187369"]
[WhiteElo "2556"]
[BlackElo "2381"]
[Result "0-1"]
[Round "04"]
[TimeControl "180+1"]
[Date "2022.09.13"]
[WhiteClock "0:02:21"]
[BlackClock "0:02:55"]

1. d4 c5 2. d5 e5 3. e4 d6 4. Nc3 a6 5. a4 Be7 6. Nf3 Bg4 7. Be2 Bxf3 8. Bxf3 Bg5 9. a5 Bxc1 10. Qxc1 Ne7 11. O-O O-O 12. Qd2 f5 13. exf5 Nxf5 14. Bg4 Nd7 15. Bxf5 Rxf5 16. Ne4 Qe7 17. Qd3 Raf8 18. f3 Nf6 19. Nd2 Nh5 20. Rae1 Nf4 21. Qe4 Rg5 22. g3 Qd7 23. Kh1 Qh3 24. Rg1 Qxh2+ 25. Kxh2 Rh5# 0-1


[Site "https://www.chess.com"]

[Event "Titled Tuesday Blitz September 13 Late 2022"]
[White "Yoo, Christopher Woojin"]
[Black "Domalchuk-Jonasson, Aleksandr"]
[WhiteFideId "30909694"]
[BlackFideId "14142805"]
[WhiteElo "2105"]
[BlackElo "1991"]
[Result "1-0"]
[Round "04"]
[TimeControl "180+1"]
[Date "2022.09.13"]
[WhiteClock "0:00:08"]
[BlackClock "0:00:02"]

1. Nf3 d5 2. b3 Nf6 3. Bb2 e6 4. c4 Be7 5. g3 O-O 6. Bg2 b6 7. O-O Bb7 8. Ne5 Nbd7 9. d4 c5 10. Nxd7 Qxd7 11. dxc5 bxc5 12. e3 a5 13. Nc3 Rfd8 14. Na4 Qc7 15. cxd5 Bxd5 16. Bxd5 Rxd5 17. Qf3 Rad8 18. Rfd1 h6 19. Rac1 Rxd1+ 20. Rxd1 Nd5 21. Qg4 Nf6 22. Qe2 Nd5 23. e4 Nb4 24. a3 Nc6 25. Rxd8+ Qxd8 26. Kg2 Nd4 27. Qc4 Qa8 28. f3 Qb7 29. Nxc5 Bxc5 30. Qxc5 Nxb3 31. Qe5 f6 32. Qxe6+ Kh8 33. Qc4 Nd2 34. Qd4 Nc4 35. Bc3 Qb3 36. g4 Nxa3 37. Bxa5 Qc2+ 38. Qf2 Qxf2+ 39. Kxf2 Kg8 40. Ke2 Kf7 41. Kd3 Nb5 42. Kc4 Nd6+ 43. Kd5 Nb5 44. Bb4 Nc7+ 45. Kc4 Ne6 46. Bd6 Ng5 47. Kd5 Nxf3 48. Bf4 Kg6 49. Kc4 h5 50. h3 hxg4 51. hxg4 Nh4 52. Kd3 Ng2 53. Bd2 Kf7 54. Ke2 Nh4 55. Kf2 Ng6 56. Kg3 Ne5 57. Bc3 Nd3 58. Kf3 Kg6 59. Ke3 Nc5 60. Bd4 Ne6 61. Bc3 Kg5 62. Kf3 Nc5 63. Bd2+ Kg6 64. Be3 Nd3 65. Bd4 Kh6 66. Ke3 Nb4 67. Kf4 Nc6 68. Bc3 Kg6 69. Bb2 Ne7 70. Ba3 Nc8 71. Bc5 Kf7 72. Kf5 g6+ 73. Kf4 Ke6 74. Ke3 Ke5 75. Bd4+ Ke6 76. Kf4 Nd6 77. Bxf6 Kxf6 78. e5+ Ke6 79. exd6 Kxd6 80. Kg5 Ke7 81. Kxg6 Kf8 82. Kh7 Ke7 83. g5 Kf8 84. g6 Ke7 85. g7 Ke6 86. g8=Q+ Ke5 87. Qg6 1-0


[Site "https://www.chess.com"]

[Event "Titled Tuesday Blitz September 13 Late 2022"]
[White "Zhigalko, Sergei"]
[Black "Tatarinov, Dmitry"]
[WhiteFideId "13502956"]
[BlackFideId "24160067"]
[WhiteElo "2662"]
[BlackElo "2324"]
[Result "1-0"]
[Round "04"]
[TimeControl "180+1"]
[Date "2022.09.13"]
[WhiteClock "0:02:09"]
[BlackClock "0:02:05"]

1. e4 e5 2. Nf3 Nc6 3. Bb5 Nf6 4. O-O Nxe4 5. d4 Nd6 6. Bxc6 dxc6 7. dxe5 Nf5 8. Qxd8+ Kxd8 9. Nc3 Ke8 10. h3 h5 11. Bg5 b6 12. Rad1 Bd7 13. Ne2 c5 14. Nf4 Bc6 15. Nd5 Rc8 16. Nxc7+ 1-0


[Site "https://www.chess.com"]

[Event "Titled Tuesday Blitz September 13 Late 2022"]
[White "Besedes, Danilo"]
[Black "Kravtsiv, Martyn"]
[WhiteFideId "946796"]
[BlackFideId "14113147"]
[WhiteElo "2352"]
[BlackElo "2694"]
[Result "0-1"]
[Round "05"]
[TimeControl "180+1"]
[Date "2022.09.13"]
[WhiteClock "0:00:33"]
[BlackClock "0:00:12"]

1. d4 d5 2. Bf4 Nf6 3. e3 c5 4. c3 Nc6 5. Nd2 e6 6. Ngf3 Bd6 7. Bg3 O-O 8. Bd3 g6 9. Qe2 b6 10. Rd1 Nh5 11. dxc5 bxc5 12. e4 Rb8 13. b3 Nf4 14. Bxf4 Bxf4 15. O-O Qa5 16. exd5 exd5 17. c4 Bg4 18. cxd5 Rbe8 19. Ne4 Nd4 20. Nf6+ Kh8 21. Nxd4 Bxe2 22. Nxe2 Bd6 23. Nxe8 Rxe8 24. a4 Kg7 25. Ng3 f5 26. Ne2 Kf6 27. Bc4 Re4 28. Nc1 Qc3 29. Nd3 a5 30. Rfe1 h5 31. g3 h4 32. Rxe4 fxe4 33. Ne1 g5 34. Ng2 Be5 35. Ne3 Bd4 36. Nf1 Ke5 37. Rd2 Qf3 38. gxh4 gxh4 39. Ne3 Bxe3 40. fxe3 Qxe3+ 41. Rf2 h3 42. Kf1 Qc1+ 43. Ke2 e3 44. Rf3 Qd2+ 45. Kf1 Qd1# 0-1


[Site "https://www.chess.com"]

[Event "Titled Tuesday Blitz September 13 Late 2022"]
[White "Bluebaum, Matthias"]
[Black "Nasuta, Grzegorz"]
[WhiteFideId "24651516"]
[BlackFideId "1141686"]
[WhiteElo "2633"]
[BlackElo "2354"]
[Result "1/2-1/2"]
[Round "05"]
[TimeControl "180+1"]
[Date "2022.09.13"]
[WhiteClock "0:00:17"]
[BlackClock "0:00:14"]

1. d4 d5 2. c4 c6 3. Nc3 Nf6 4. Nf3 dxc4 5. e4 b5 6. Qc2 e6 7. Be2 Bb7 8. O-O a6 9. b3 b4 10. e5 Nd5 11. Nxd5 cxd5 12. bxc4 dxc4 13. Bxc4 Be7 14. Be3 O-O 15. Rad1 Bd5 16. Rc1 Ra7 17. Bxd5 Qxd5 18. Bg5 h6 19. Bxe7 Rxe7 20. Qd2 Qb7 21. Rb1 Nc6 22. d5 exd5 23. Qxd5 Rd8 24. Qc5 Rde8 25. Rfe1 Qb5 26. Qxb5 axb5 27. Kf1 Nxe5 28. Nd4 Nd3 29. Red1 Nf4 30. g3 Ne2 31. Nf5 Re5 32. Nd6 Nc3 33. Nxe8 Nxd1 34. Nd6 Nc3 35. Rxb4 Nxa2 36. Rb3 b4 37. Nc4 Rc5 38. Ne3 Rc3 39. Rb2 b3 40. Nd5 Rd3 41. Nf4 Rc3 42. Nd5 Rc5 43. Ne3 Nc1 44. Rb1 Rc3 45. Ke1 b2 46. Kd2 Rb3 47. Kc2 Rb8 48. Nd1 Ne2 49. Rxb2 Nd4+ 50. Kd3 Rxb2 51. Nxb2 Nf3 52. h4 Ne5+ 53. Ke4 Ng6 54. h5 Ne7 55. Ke5 Kf8 56. Nd3 g6 57. g4 gxh5 58. gxh5 Kg7 59. Nf4 Nc6+ 60. Ke4 Kf6 61. Nd3 Kg5 62. Kd5 Ne7+ 63. Ke5 Nc6+ 64. Kd5 Nd8 65. Kd6 f5 66. Ne5 Kxh5 67. Ke7 Nb7 68. Kf6 f4 69. Kf5 f3 70. Nxf3 Nd6+ 71. Kf4 Nc4 72. Nd4 Kg6 73. Ke4 Kf6 74. Ne2 Nd6+ 75. Kf4 Nf5 76. Nc3 Nd4 77. Ne4+ Kg6 78. Ng3 Ne6+ 79. Ke5 Ng5 80. f4 Nf7+ 81. Ke6 Nd8+ 82. Ke7 Nc6+ 83. Kd6 Nd4 84. Kd5 Nf5 85. Ne4 Ne3+ 86. Ke6 h5 87. Ng5 h4 88. Nh3 Nf5 89. Ke5 Ne3 90. Ke4 Ng2 91. f5+ Kf6 92. Nf2 Ne1 93. Kf4 Ng2+ 94. Ke4 Ne3 95. Kxe3 Kxf5 96. Kf3 h3 97. Kg3 h2 98. Nh1 Kg5 99. Kg2 Kf6 100. Kg3 Ke6 101. Kf2 Kd7 102. Kf3 Kc6 103. Kf4 Kb5 104. Ke3 Kb4 105. Kd4 Kb3 106. Kd3 Kb2 107. Kd2 Kb3 108. Ke2 Kb2 109. Kf2 Kc1 110. Kg2 Kd1 111. Kxh2 1/2-1/2


[Site "https://www.chess.com"]

[Event "Titled Tuesday Blitz September 13 Late 2022"]
[White "Bortnyk, Mykola"]
[Black "Kollars, Dmitrij"]
[WhiteFideId "14120836"]
[BlackFideId "12909572"]
[WhiteElo "2582"]
[BlackElo "2584"]
[Result "1-0"]
[Round "05"]
[TimeControl "180+1"]
[Date "2022.09.13"]
[WhiteClock "0:00:07"]
[BlackClock "0:00:04"]

1. e4 e5 2. Bc4 Nf6 3. d3 Nc6 4. a3 Be7 5. Nc3 O-O 6. Nge2 d6 7. f4 Be6 8. O-O exf4 9. Nxf4 Bxc4 10. dxc4 Qd7 11. h3 Rae8 12. Be3 Bd8 13. Qd3 Ne5 14. Qe2 c6 15. Rad1 Qe7 16. Bxa7 b6 17. Bb8 Bc7 18. Bxc7 Qxc7 19. b3 Ng6 20. Nxg6 hxg6 21. Qd3 Re6 22. Qg3 Rfe8 23. Rd4 Qa7 24. Rxd6 b5+ 25. Kh2 bxc4 26. Rxe6 Rxe6 27. a4 cxb3 28. cxb3 Nxe4 29. Nxe4 Rxe4 30. Qd6 Re6 31. Qd8+ Kh7 32. Rf4 Re5 33. Rh4+ Rh5 34. Rxh5+ gxh5 35. a5 Qc5 36. Qd2 Qe5+ 37. Kg1 Qa1+ 38. Kf2 Qf6+ 39. Ke2 Qe5+ 40. Kd3 Qf5+ 41. Ke2 Qe5+ 42. Kf3 Qf5+ 43. Ke3 Qe5+ 44. Kf2 Qf6+ 45. Kg1 Qa1+ 46. Kh2 Qe5+ 47. g3 h4 48. Qd3+ g6 49. a6 hxg3+ 50. Kg2 Qf4 51. Qf3 Qd2+ 52. Kxg3 Qe1+ 53. Kg2 Qd2+ 54. Qf2 Qd5+ 55. Kg1 Qd1+ 56. Qf1 Qd4+ 57. Kg2 Qe4+ 58. Qf3 Qc2+ 59. Kg3 Kg8 60. a7 Qa2 61. Qe3 Kg7 62. h4 Kh7 63. h5 Qa3 64. hxg6+ Kg7 65. gxf7 Qd6+ 66. Kf3 Qd5+ 67. Ke2 Qh5+ 68. Qf3 Qe5+ 69. Kd2 Qd4+ 70. Kc2 Qc5+ 71. Kb1 Qf2 72. Qxf2 1-0


[Site "https://www.chess.com"]

[Event "Titled Tuesday Blitz September 13 Late 2022"]
[White "Danielyan, Vahe"]
[Black "Tanenbaum, Zachary"]
[WhiteFideId "13304828"]
[BlackFideId "2060850"]
[WhiteElo "2421"]
[BlackElo "2175"]
[Result "0-1"]
[Round "05"]
[TimeControl "180+1"]
[Date "2022.09.13"]
[WhiteClock "0:01:45"]
[BlackClock "0:00:35"]

1. d4 d5 2. c4 dxc4 3. e4 b5 4. a4 c6 5. axb5 cxb5 6. Nc3 a6 7. Nxb5 axb5 8. Rxa8 Bb7 9. Ra1 e6 10. Nf3 Nf6 11. Be2 Bb4+ 12. Bd2 Bxd2+ 13. Qxd2 Nxe4 14. Qb4 Qd5 15. O-O Nc6 16. Qa3 b4 17. Qe3 Nd6 18. Rfc1 O-O 19. h4 Na5 20. Bd1 Nf5 21. Qf4 Nc6 22. Bc2 Ncxd4 23. Bxf5 Ne2+ 0-1


[Site "https://www.chess.com"]

[Event "Titled Tuesday Blitz September 13 Late 2022"]
[White "Dev, Shah"]
[Black "Livaic, Leon"]
[WhiteFideId "35019058"]
[BlackFideId "14531534"]
[WhiteElo "2048"]
[BlackElo "2540"]
[Result "0-1"]
[Round "05"]
[TimeControl "180+1"]
[Date "2022.09.13"]
[WhiteClock "0:00:06"]
[BlackClock "0:00:06"]

1. d4 e6 2. c4 Nf6 3. Nc3 d5 4. cxd5 exd5 5. Bg5 Be7 6. e3 O-O 7. Bd3 Re8 8. Qc2 h6 9. Bh4 c5 10. Nge2 Nc6 11. O-O Nb4 12. Qd2 Nxd3 13. Qxd3 c4 14. Qc2 Be6 15. Nf4 Qd7 16. Nxe6 Qxe6 17. Rae1 Rac8 18. e4 Nxe4 19. Bxe7 Rxe7 20. f3 f5 21. fxe4 fxe4 22. Qf2 Rd8 23. Re3 Qc6 24. Rg3 b5 25. Qe3 b4 26. Ne2 Rc8 27. h4 Rec7 28. h5 c3 29. bxc3 bxc3 30. Qc1 c2 31. Rc3 Qb6 32. Rb3 Qa6 33. Nf4 Rf7 34. Re1 Qxa2 35. Rg3 Qc4 36. Ne6 Kh7 37. Rg6 Rc6 38. Kh2 Rxe6 39. Rxe6 Qc7+ 40. Kh1 Qg3 41. Re3 Qxe3 42. Qxe3 Rf1+ 43. Kh2 c1=Q 44. Qxc1 Rxc1 45. Rd6 e3 46. Re6 Rd1 47. Rxe3 Rxd4 48. Re7 Rh4+ 49. Kg3 Rxh5 50. Rxa7 Rg5+ 51. Kf2 Rf5+ 52. Kg1 Kg6 53. Rd7 Kf6 54. Rd6+ Ke5 55. Rd8 Kd4 56. Rd7 Rg5 57. Kf2 Kd3 58. Kf3 d4 59. Kf4 Rxg2 0-1


[Site "https://www.chess.com"]

[Event "Titled Tuesday Blitz September 13 Late 2022"]
[White "Djokic, Mihailo"]
[Black "Cardoso Cardoso, Jose Gabriel"]
[WhiteFideId "976440"]
[BlackFideId "4430492"]
[WhiteElo "2315"]
[BlackElo "2485"]
[Result "1-0"]
[Round "05"]
[TimeControl "180+1"]
[Date "2022.09.13"]
[WhiteClock "0:01:38"]
[BlackClock "0:00:03"]

1. e4 g6 2. d4 Bg7 3. Nc3 c6 4. f4 d5 5. e5 h5 6. Nf3 Nh6 7. Be2 Bg4 8. Be3 Nf5 9. Bf2 Bxf3 10. Bxf3 e6 11. Ne2 Nd7 12. c3 Nh4 13. Bxh4 Qxh4+ 14. g3 Qe7 15. b4 a5 16. a3 Nb6 17. Kf2 Nc4 18. Qb3 axb4 19. axb4 O-O 20. Rhd1 b5 21. Ng1 Qb7 22. Be2 Nd2 23. Qb2 Ne4+ 24. Kg2 Rxa1 25. Rxa1 Ra8 26. Bd3 Ra6 27. Bxe4 dxe4 28. Rxa6 Qxa6 29. Ne2 Qa4 30. Qb1 e3 31. Qe4 Qd1 32. Qxe3 Qc2 33. h4 Bf8 34. Kf3 Qd1 35. Qe4 Be7 36. Kf2 Qd2 37. Qxc6 Qd3 38. Qf3 Qd2 39. Qb7 Bf8 40. Qxb5 g5 41. hxg5 Qd1 42. Qc6 h4 43. gxh4 Qd3 44. b5 Qb1 45. b6 1-0


[Site "https://www.chess.com"]

[Event "Titled Tuesday Blitz September 13 Late 2022"]
[White "Fishbein, Alexander"]
[Black "Melkumyan, Hrant"]
[WhiteFideId "2000377"]
[BlackFideId "13302485"]
[WhiteElo "2410"]
[BlackElo "2604"]
[Result "1-0"]
[Round "05"]
[TimeControl "180+1"]
[Date "2022.09.13"]
[WhiteClock "0:00:55"]
[BlackClock "0:01:24"]

1. e4 c6 2. d3 d5 3. Nd2 e5 4. Ngf3 Bd6 5. g3 Nf6 6. Bg2 O-O 7. O-O Re8 8. b3 Na6 9. Bb2 Nc7 10. exd5 cxd5 11. Re1 d4 12. Nc4 Bg4 13. h3 Bxf3 14. Bxf3 Rb8 15. Qd2 Ncd5 16. Qg5 h6 17. Qh4 b5 18. Bxd5 Nxd5 19. Qxd8 Rbxd8 20. Nxd6 Rxd6 21. Bxd4 f6 22. Bc5 Rc6 23. b4 a5 24. a3 Nc3 25. Kg2 Rd8 26. f4 exf4 27. gxf4 Na4 28. d4 Nxc5 29. dxc5 Rd2+ 30. Kf3 Rxc2 31. Rad1 Ra2 32. Re3 Kh7 33. Rd7 Kg6 34. h4 h5 35. Ree7 Rxa3+ 36. Ke4 1-0


[Site "https://www.chess.com"]

[Event "Titled Tuesday Blitz September 13 Late 2022"]
[White "Gomez Ledo, Roberto Carlos"]
[Black "Shpanko, Nadiia"]
[WhiteFideId "3507076"]
[BlackFideId "14132400"]
[WhiteElo "2379"]
[BlackElo "2139"]
[Result "1-0"]
[Round "05"]
[TimeControl "180+1"]
[Date "2022.09.13"]
[WhiteClock "0:01:11"]
[BlackClock "0:00:22"]

1. d4 Nf6 2. Bf4 c6 3. e3 d5 4. Nf3 h6 5. h3 Bf5 6. c4 e6 7. Nc3 Nbd7 8. Qb3 Qb6 9. c5 Qxb3 10. axb3 Be7 11. b4 O-O 12. b5 cxb5 13. Bxb5 a6 14. Be2 Rfc8 15. b4 Nb8 16. b5 Nfd7 17. Kd2 g5 18. Bh2 Be4 19. Nxe4 dxe4 20. Ne5 Nxe5 21. Bxe5 Nd7 22. Bh2 axb5 23. Bxb5 Nf6 24. Rhb1 Nd5 25. Bc4 b6 26. Bxd5 Rxa1 27. Rxa1 exd5 28. cxb6 Bb4+ 29. Kd1 Rc3 30. b7 Rd3+ 31. Ke2 Rd2+ 32. Kf1 1-0


[Site "https://www.chess.com"]

[Event "Titled Tuesday Blitz September 13 Late 2022"]
[White "Hambleton, Aman"]
[Black "Dounis, Alexandros"]
[WhiteFideId "2606577"]
[BlackFideId "4213238"]
[WhiteElo "2538"]
[BlackElo "2204"]
[Result "0-1"]
[Round "05"]
[TimeControl "180+1"]
[Date "2022.09.13"]
[WhiteClock "0:00:30"]
[BlackClock "0:02:06"]

1. d4 Nf6 2. Bf4 g6 3. Nc3 d5 4. e3 a6 5. h4 h6 6. Nf3 Bg7 7. Ne5 O-O 8. Be2 Nbd7 9. g4 Nxe5 10. Bxe5 Ne4 11. Bxg7 Kxg7 12. Nxe4 dxe4 13. d5 e5 14. Qd2 c6 15. O-O-O cxd5 16. Qxd5 Qxd5 17. Rxd5 Kf6 0-1


[Site "https://www.chess.com"]

[Event "Titled Tuesday Blitz September 13 Late 2022"]
[White "Hansen, Eric"]
[Black "Dimitrov, Atanas"]
[WhiteFideId "2606771"]
[BlackFideId "2901315"]
[WhiteElo "2568"]
[BlackElo "2666"]
[Result "1-0"]
[Round "05"]
[TimeControl "180+1"]
[Date "2022.09.13"]
[WhiteClock "0:02:26"]
[BlackClock "0:01:14"]

1. e4 c5 2. Nf3 d6 3. Bb5+ Bd7 4. Bxd7+ Nxd7 5. O-O Ngf6 6. Re1 g6 7. c3 Bg7 8. d4 cxd4 9. cxd4 e5 10. dxe5 dxe5 11. Nc3 O-O 12. Be3 a6 13. h3 Rc8 14. Qb3 b5 15. Red1 Qa5 16. a4 b4 17. Nd5 Nxd5 18. Rxd5 Qc7 19. Qxb4 Rb8 20. Qd6 Qxd6 21. Rxd6 Nf6 22. Nd2 Rxb2 23. Rxa6 Rd8 24. a5 Rbxd2 25. Bxd2 Rxd2 26. Ra8+ Bf8 27. a6 Kg7 28. Rxf8 1-0


[Site "https://www.chess.com"]